Cogmind - Beta 12 @@@ ROGUE MODE // 2023.03.11 @ 20:09:20 Player: dhtilly Result: Destroyed by G-67 Veteran with Plasma Rifle Performance ------------- Evolutions (6) 3000 Regions Visited (12) 2400 Robots Destroyed (102) 510 Value Destroyed (4267) 4267 Prototype IDs (14) 280 Alien Tech Used (0) 0 Bonus (3348) 3348 TOTAL SCORE: 13805 Bonus ------- High Alert Combat Kills 149 Follower Combat Kills 1599 Entered Garrisons 600 Used RIF Installer 1000 Cogmind --------- Core Integrity 0/1150 Matter 296/300 Energy 99/100 System Corruption 0% Temperature Cool (33) Movement Core (50) Location -4/Garrison Parts ------- > --- POWER (1) -------- (None) > --- PROPULSION (5) --- (None) > --- UTILITY (10) ----- Improved Signal Interpreter > --- WEAPON (3) ------- (None) > --- INVENTORY (5) ---- Light Nuclear Core Micro Nuclear Core Improved Datajack Remote Datajack Peak State ------------ > --- POWER ------------ Micro Fission Core > --- PROPULSION ------- Improved VTOL Module Improved VTOL Module Nuclear Pulse Thruster Nuclear Pulse Thruster > --- UTILITY ---------- Medium Storage Unit Improved Signal Interpreter Hacking Suite Advanced Hacking Suite Relay Coupler [NC] Relay Coupler [Specialist] Relay Coupler [Hunter] > --- WEAPON ----------- Wave Gun Railgun Remote Datajack > --- INVENTORY -------- Light Fission Core Improved VTOL Module Improved VTOL Module Improved VTOL Module Impulse Thruster Improved Datajack Great Axe Phasing Sabre [Rating: 68] Favorites ----------- Power Light Nuclear Core Engine Light Ion Engine Power Core Light Nuclear Core Propulsion Improved VTOL Module Treads Advanced Treads Wheel Wheel Flight Unit Improved VTOL Module Utility Medium Storage Unit Device Improved Heat Sink Storage Medium Storage Unit Processor Improved Signal Interpreter Hackware Relay Coupler [Sentry] Protection Light Armor Plating Weapon Improved Remote Datajack Energy Gun Improved Medium Laser Energy Cannon Advanced Beam Cannon Ballistic Gun Autogun Ballistic Cannon Improved Light Cannon Launcher Proton Missile Launcher Special Weapon Improved Remote Datajack Slashing Weapon Great Axe Special Melee Weapon Datajack Build | -11 -10 -9 -8 -7 -7 -7 -7 -6 -5 -5 -4 -4 ------- Run | Jun Mat Mat Mat Fac Gar Fac Gar Fac Fac Ext Fac Gar Slots Evolved 12 | . . 2 2 2 . . . 2 2 . 2 . Power . | . . . . . . . . . . . . . Propulsion 3 | . . 1 1 . . . . . . . 1 . Utility 8 | . . 1 1 1 . . . 2 2 . 1 . Weapon 1 | . . . . 1 . . . . . . . . Parts Attached 205 | 6 7 22 36 3 16 2 20 30 10 22 29 2 Power 21 | 1 1 3 4 . 2 . 1 2 1 3 3 . Engine 7 | 1 1 3 2 . . . . . . . . . Core 14 | . . . 2 . 2 . 1 2 1 3 3 . Reactor . | . . . . . . . . . . . . . Propulsion 49 | 2 1 9 14 . 1 . . 4 3 3 11 1 Treads 8 | . . 2 6 . . . . . . . . . Leg . | . . . . . . . . . . . . . Wheel 15 | 2 1 5 3 . . . . . . . 4 . Hover . | . . . . . . . . . . . . . Flight 26 | . . 2 5 . 1 . . 4 3 3 7 1 Utility 35 | 1 2 3 9 . 6 . 3 5 2 . 4 . Device 10 | . . 1 3 . 2 . . . . . 4 . Storage 3 | 1 1 . 1 . . . . . . . . . Processor 5 | . 1 1 . . 2 . . 1 . . . . Hackware 11 | . . . . . 2 . 3 4 2 . . . Protection 6 | . . 1 5 . . . . . . . . . Artifact . | . . . . . . . . . . . . . Weapon 100 | 2 3 7 9 3 7 2 16 19 4 16 11 1 Energy Gun 24 | . 1 1 2 3 . 2 4 2 . 5 3 1 Energy Cannon 3 | . . 1 2 . . . . . . . . . Ballistic Gun 18 | 2 1 5 3 . . . 2 3 1 1 . . Ballistic Cannon 1 | . . . 1 . . . . . . . . . Launcher 1 | . . . . . . . . 1 . . . . Special Weapon 11 | . . . . . 1 . 3 1 . 4 2 . Impact Weapon . | . . . . . . . . . . . . . Slashing Weapon 37 | . . . 1 . 5 . 6 12 3 4 6 . Piercing Weapon . | . . . . . . . . . . . . . Special Melee Weapon 5 | . 1 . . . 1 . 1 . . 2 . . Unidentified Prototypes 8 | . 1 4 1 2 . . . . . . . . Parts Lost 73 | . 2 7 22 . 3 . 1 2 . 13 17 6 Power 8 | . 1 1 . . 1 . 1 1 . 2 1 . Propulsion 31 | . 1 3 10 . 1 . . . . 3 9 4 Utility 19 | . . 2 7 . 1 . . 1 . 4 3 1 Weapon 15 | . . 1 5 . . . . . . 4 4 1 Highest Loss Streak 9 | . 2 6 9 . 3 . 1 1 . 5 8 3 To Critical Strikes . | . . . . . . . . . . . . . Average Slot Usage (%) 79 | . 80 89 89 53 73 84 83 83 76 73 45 19 Engine 4 | . 13 10 6 . . . . . . . . . Core 3 | . . . 2 7 6 7 6 6 5 4 3 2 Treads 6 | . . 6 27 . . . . . . . . . Wheel 5 | . 21 22 2 . . . . . . . 3 3 Flight 14 | . . . 1 30 29 30 30 26 23 23 16 6 Device 1 | . . 2 5 . 3 . . . . . 3 1 Storage 7 | . 14 11 9 7 7 7 7 6 5 5 1 . Processor 7 | . 2 8 8 . 9 15 11 6 5 5 5 5 Hackware 10 | . . . . . 4 15 17 29 28 24 4 . Protection 2 | . . 4 8 . . . . . . . . . Energy Gun 2 | . 1 11 3 7 . . . . . . . 1 Energy Cannon 1 | . . . 5 . . . . . . . . . Ballistic Gun 6 | . 26 10 7 . . . . . . . . . Special Weapon 2 | . . . . . 1 7 7 6 5 3 2 . Naked Turns . | . . . . . . . . . . . . . Heaviest Build 46 | 11 27 37 46 19 23 19 24 24 25 22 22 8 Greatest Support 85 | 32 32 36 85 20 20 20 20 21 22 23 25 16 Greatest Overweight (x) 3 | . 1 3 3 . 1 . 1 1 1 . 1 . Average Overweight (x) . | . . . . . . . . . . . . . Largest Inventory Capacity 15 | 8 15 15 15 10 10 10 10 10 10 10 10 5 Average Capacity 11 | 6 14 15 14 10 10 10 10 10 10 10 6 5 Most Carried 15 | 4 15 15 15 10 10 10 10 10 10 10 10 4 Average Carried 10 | 2 9 14 14 9 9 9 9 9 9 8 6 3 Final Capacity 15 | 8 15 15 10 10 10 10 10 10 10 10 5 5 Final Carried 15 | 4 15 15 10 10 10 10 10 10 10 8 4 4 Class Distribution -------------------- 31% | Mutant 24% | Bothacker-Sprinter 15% | Scavenger-Mutant 15% | Sprinter 4% | Commander-Sprinter 3% | Scavenger-Sprinter Dominant Class ---------------- Mutant | -10/Materials Mutant | -9/Materials Scavenger-Mutant | -8/Materials Sprinter | -7/Factory Sprinter | -7/Garrison Sprinter | -7/Factory Bothacker-Sprinter | -7/Garrison Bothacker-Sprinter | -6/Factory Bothacker-Sprinter | -5/Factory Commander-Sprinter | -5/Extension Scavenger-Sprinter | -4/Factory Mutant | -4/Garrison Resources | -11 -10 -9 -8 -7 -7 -7 -7 -6 -5 -5 -4 -4 ----------- Run | Jun Mat Mat Mat Fac Gar Fac Gar Fac Fac Ext Fac Gar Matter Collected 3387 | 250 222 396 678 . 144 199 341 433 136 382 190 16 Remotely . | . . . . . . . . . . . . . Salvage Created 3708 | . 252 814 1645 . 40 51 186 27 . 365 298 30 Parts 222 | . 26 47 90 . 2 3 5 1 . 18 28 2 Haulers Intercepted 8 | . 1 3 3 . . 1 . . . . . . Recyclers Shooed . | . . . . . . . . . . . . . Parts Field Recycled . | . . . . . . . . . . . . . Retrieved Matter . | . . . . . . . . . . . . . Parts Self-Destructed . | . . . . . . . . . . . . . Prevented . | . . . . . . . . . . . . . Kills | -11 -10 -9 -8 -7 -7 -7 -7 -6 -5 -5 -4 -4 ------- Run | Jun Mat Mat Mat Fac Gar Fac Gar Fac Fac Ext Fac Gar Combat Hostiles Destroyed 89 | . 11 19 30 . . . 6 1 . 9 12 1 Melee 18 | . . . . . . . 1 . . 6 11 . Guns 58 | . 11 19 17 . . . 5 1 . 3 1 1 Cannons 12 | . . . 12 . . . . . . . . . AOE 1 | . . . 1 . . . . . . . . . Classes Destroyed 13 | . 3 1 7 . . . . . . 1 1 . Worker 1 | . . . 1 . . . . . . . . . Builder 2 | . . . 2 . . . . . . . . . Tunneler 2 | . . . 2 . . . . . . . . . Hauler 8 | . 1 3 3 . . 1 . . . . . . Swarmer 36 | . 9 4 4 . . . 4 1 . 5 8 1 Cutter 4 | . . . . . . . . . . . 4 . Grunt 36 | . 2 13 17 . . . 2 . . 2 . . Brawler 1 | . . . 1 . . . . . . . . . Duelist 1 | . . . 1 . . . . . . . . . Sentry 5 | . . 2 3 . . . . . . . . . Hunter 3 | . . . 3 . . . . . . . . . Programmer 1 | . . . . . . . . . . 1 . . Heavy 1 | . . . 1 . . . . . . . . . Thug 1 | . . . . . . . . . . 1 . . Best Kill Streak 9 | . 4 7 9 . . 1 2 1 . 5 5 1 Combat Bots Only 7 | . 4 7 6 . . . 2 1 . 5 5 1 Max Kills in Single Turn 2 | . 1 1 2 . . 1 1 1 . 1 1 1 Gunslinging . | . . . . . . . . . . . . . Exploded 1 | . . . 1 . . . . . . . . . Melee 1 | . . . . . . . 1 . . 1 1 . Uniques/NPCs Destroyed . | . . . . . . . . . . . . . Combat | -11 -10 -9 -8 -7 -7 -7 -7 -6 -5 -5 -4 -4 -------- Run | Jun Mat Mat Mat Fac Gar Fac Gar Fac Fac Ext Fac Gar Damage Taken 8696 | . 443 871 2605 . 154 . 383 194 92 1429 1645 880 Core 2724 | . 159 299 308 . . . 142 114 19 526 608 549 Absorbed by Shields 34 | . . . . . . . . . . 34 . . Regen/Repaired (Parts) 17 | . . . . . . . . 17 . . . . Core Remaining (%) 59 | 100 36 25 44 . . . 79 86 . 45 . . Volleys Fired 360 | . 43 48 118 . 2 12 30 36 18 34 13 6 Largest 2 | . 2 2 2 . 1 1 1 1 1 2 1 1 Hottest 126 | . 40 79 126 . 7 20 81 81 35 116 75 65 Shots Fired 555 | . 86 96 217 . 2 12 30 36 18 39 13 6 Gun 418 | . 86 96 143 . . 3 12 22 10 27 13 6 Cannon 74 | . . . 74 . . . . . . . . . Launcher . | . . . . . . . . . . . . . Special 63 | . . . . . 2 9 18 14 8 12 . . Kinetic 287 | . 86 48 115 . . . 4 8 10 16 . . Thermal 198 | . . 48 101 . . 3 8 14 . 11 13 . Explosive . | . . . . . . . . . . . . . Electromagnetic 7 | . . . 1 . . . . . . . . 6 Robot Hit Streak 22 | . 8 10 19 . 14 7 8 4 7 22 3 1 Robot Miss Streak 5 | . 5 4 4 . . 2 2 1 1 3 3 5 Penetration Max 1 | . . . 1 . . . . . . . . . Secondary Targets 2 | . 1 . 1 . . . . . . . . . Max Gunslinging Chain 1 | . 1 . 1 . . . . . . . . . Shots Hit Robots 398 | . 47 62 153 . 11 8 24 11 7 49 25 1 Core Hits 152 | . 18 27 66 . 1 1 7 1 . 13 17 1 Critical Kills . | . . . . . . . . . . . . . Critical Parts Destroyed 1 | . . . 1 . . . . . . . . . Critical Strikes 10 | . . 3 2 . . . 2 . . 1 2 . Burn 6 | . . 3 1 . . . 1 . . 1 . . Destroy 1 | . . . 1 . . . . . . . . . Sever 3 | . . . . . . . 1 . . . 2 . Melee Attacks 111 | . 2 . 10 . 15 . 8 26 4 18 28 . Impact . | . . . . . . . . . . . . . Slashing 93 | . . . 10 . 7 . 8 26 4 10 28 . Piercing . | . . . . . . . . . . . . . Sneak Attacks 16 | . 2 . . . 5 . . . . 8 1 . Combat Hostiles 6 | . . . . . 5 . . . . . 1 . Follow-up Attacks . | . . . . . . . . . . . . . Damage Inflicted 6979 | . 487 1061 3305 . 93 59 360 25 . 884 644 61 Guns 4619 | . 487 1055 1978 . . 59 203 25 . 608 143 61 Cannons 1185 | . . . 1185 . . . . . . . . . Explosions 142 | . . . 142 . . . . . . . . . Melee 1027 | . . . . . 93 . 157 . . 276 501 . Ramming 6 | . . 6 . . . . . . . . . . Kinetic 3043 | . 487 486 1549 . . . 54 25 . 442 . . Thermal 2822 | . . 569 1736 . . 59 149 . . 166 143 . Explosive . | . . . . . . . . . . . . . Electromagnetic 81 | . . . 20 . . . . . . . . 61 Impact . | . . . . . . . . . . . . . Slashing 1027 | . . . . . 93 . 157 . . 276 501 . Piercing . | . . . . . . . . . . . . . Highest Corruption 5 | . . . 2 . . 1 1 . . 5 . . Average Corruption 2 | . . . 2 . . 1 1 . . 4 . . Corruption Purged . | . . . . . . . . . . . . . Corruption Blocked . | . . . . . . . . . . . . . Effects 8 | . . . 2 . . 1 1 . . 4 . . Message Errors 2 | . . . . . . . . . . 2 . . Matter Fused 1 | . . . . . . 1 . . . . . . Data Loss (minor) 2 | . . . . . . . . . . 2 . . Data Loss (major) 1 | . . . . . . . 1 . . . . . Misfires 1 | . . . 1 . . . . . . . . . Alerts 1 | . . . 1 . . . . . . . . . Overload Shots . | . . . . . . . . . . . . . Overflow Damage 113 | . . . 22 . 79 . . . . 12 . . Projectiles 22 | . . . 22 . . . . . . . . . Explosions 79 | . . . . . 79 . . . . . . . Melee 12 | . . . . . . . . . . 12 . . Knockbacks . | . . . . . . . . . . . . . Impact . | . . . . . . . . . . . . . Kinetic . | . . . . . . . . . . . . . Secondary . | . . . . . . . . . . . . . Self-Inflicted Damage 205 | . . 3 48 . 154 . . . . . . . Shots 2 | . . . 1 . 1 . . . . . . . Rammed 1 | . . 1 . . . . . . . . . . Targets Rammed 1 | . . 1 . . . . . . . . . . Kicked . | . . . . . . . . . . . . . Crushed . | . . . . . . . . . . . . . Highest Temperature 441 | . 12 211 441 . . 1 135 310 8 137 53 . Average Temperature 77 | . 6 53 109 . . 1 42 108 8 44 26 . Received Heat Transfer 1982 | . 54 357 1098 . . . 168 24 45 140 18 78 Effects 4 | . . . 3 . . . . 1 . . . . Energy Bleed 2 | . . . 1 . . . . 1 . . . . Short Circuit 1 | . . . 1 . . . . . . . . . Damage (minor) 1 | . . . 1 . . . . . . . . . Siege Activations . | . . . . . . . . . . . . . Robots Corrupted . | . . . . . . . . . . . . . Combat Hostiles . | . . . . . . . . . . . . . Parts Fried . | . . . . . . . . . . . . . Impact Corruptions . | . . . . . . . . . . . . . Robots Melted . | . . . . . . . . . . . . . Combat Hostiles . | . . . . . . . . . . . . . Parts Melted 5 | . . 1 3 . . 1 . . . . . . Heat Transferred 5750 | . . 1443 3308 . . 111 296 . . 333 259 . Parts Sabotaged . | . . . . . . . . . . . . . Parts Stolen . | . . . . . . . . . . . . . Parts Stripped . | . . . . . . . . . . . . . Power Chain Reactions 1 | . . . 1 . . . . . . . . . Missiles Intercepted . | . . . . . . . . . . . . . Alert | -11 -10 -9 -8 -7 -7 -7 -7 -6 -5 -5 -4 -4 ------- Run | Jun Mat Mat Mat Fac Gar Fac Gar Fac Fac Ext Fac Gar Peak Influence 1109 | . 210 329 442 165 530 619 1109 1010 564 371 549 424 Initial 581 | . . 31 86 165 115 277 433 581 494 215 181 384 Average 341 | . 70 171 218 165 363 443 774 695 488 243 363 401 Maximum Alert Level 4 | . 1 1 2 . 2 2 4 3 2 1 2 2 Low Security (%) 32 | 100 84 54 54 100 10 . . . . 23 21 . Level 1 31 | . 15 45 36 . 53 48 . . 4 76 40 54 Level 2 27 | . . . 8 . 36 51 37 64 95 . 38 45 Level 3 7 | . . . . . . . 61 35 . . . . Level 4 . | . . . . . . . . . . . . . Level 5 . | . . . . . . . . . . . . . High Security . | . . . . . . . . . . . . . Max Security . | . . . . . . . . . . . . . Squads Dispatched 24 | . 2 1 6 . . 3 . 2 . 2 8 . Investigation 5 | . . . 2 . . 1 . 2 . . . . Extermination 1 | . . . . . . 1 . . . . . . Reinforcement 16 | . 2 1 4 . . . . . . 2 7 . Assault 1 | . . . . . . . . . . . 1 . Garrison 1 | . . . . . . 1 . . . . . . Intercept . | . . . . . . . . . . . . . Searches Triggered . | . . . . . . . . . . . . . Construction Impeded . | . . . . . . . . . . . . . Haulers Reinforced . | . . . . . . . . . . . . . Active Scanning Responses . | . . . . . . . . . . . . . Cargo Convoy Interrupts . | . . . . . . . . . . . . . Stealth | -11 -10 -9 -8 -7 -7 -7 -7 -6 -5 -5 -4 -4 --------- Run | Jun Mat Mat Mat Fac Gar Fac Gar Fac Fac Ext Fac Gar Distress Signals 13 | . . 2 3 . . . . 3 1 3 1 . Communications Jammed . | . . . . . . . . . . . . . Distress Signals . | . . . . . . . . . . . . . Times Spotted 271 | . 20 27 50 . 1 13 28 21 21 35 36 19 Peak Tracking Total 18 | . 5 11 7 . 1 3 5 5 8 12 8 18 Tactical Retreats 24 | . 1 1 2 . . . 2 3 4 6 4 1 Traps | -11 -10 -9 -8 -7 -7 -7 -7 -6 -5 -5 -4 -4 ------- Run | Jun Mat Mat Mat Fac Gar Fac Gar Fac Fac Ext Fac Gar Traps Triggered 14 | . . 1 3 . . 1 4 2 . 3 . . Indirectly . | . . . . . . . . . . . . . Trap Hack Attempts . | . . . . . . . . . . . . . Triggered . | . . . . . . . . . . . . . Disarmed . | . . . . . . . . . . . . . Reprogrammed . | . . . . . . . . . . . . . Reused . | . . . . . . . . . . . . . Traps Extracted . | . . . . . . . . . . . . . Installed . | . . . . . . . . . . . . . Triggered . | . . . . . . . . . . . . . Machines | -11 -10 -9 -8 -7 -7 -7 -7 -6 -5 -5 -4 -4 ---------- Run | Jun Mat Mat Mat Fac Gar Fac Gar Fac Fac Ext Fac Gar Machines Disabled 8 | . . . 1 . 4 1 2 . . . . . Max in Single Turn 1 | . . . 1 . 1 . 1 . . . . . Garrison Access 2 | . . . . . . . . 2 . . . . Garrison Relay 5 | . . . . . 3 . 2 . . . . . Phase Generator 1 | . . . . . 1 . . . . . . . Machines Repaired . | . . . . . . . . . . . . . Machines Sabotaged . | . . . . . . . . . . . . . Overloaded Fab Kills . | . . . . . . . . . . . . . Hacking | -11 -10 -9 -8 -7 -7 -7 -7 -6 -5 -5 -4 -4 --------- Run | Jun Mat Mat Mat Fac Gar Fac Gar Fac Fac Ext Fac Gar Machines Accessed 60 | . 4 3 3 1 3 6 2 13 9 8 8 . Terminals 48 | . 4 3 3 . 3 4 2 7 7 8 7 . Fabricators 1 | . . . . . . . . 1 . . . . Repair Stations 3 | . . . . . . . . 2 1 . . . Recycling Units 1 | . . . . . . 1 . . . . . . Scanalyzers 2 | . . . . . . . . 1 1 . . . Garrison Access 5 | . . . . 1 . 1 . 2 . . 1 . Total Hacks 149 | . 15 13 8 2 6 13 4 36 21 14 17 . Successful 74 | . 8 9 2 1 2 10 1 20 8 9 4 . Failed 75 | . 7 4 6 1 4 3 3 16 13 5 13 . Catastrophic 19 | . . . 2 . 2 1 . 6 3 2 3 . Database Lockouts . | . . . . . . . . . . . . . Manual 85 | . 6 10 7 . 1 10 . 15 14 6 16 . Terminals 127 | . 15 13 8 . 6 10 4 26 15 14 16 . Fabricators 1 | . . . . . . . . 1 . . . . Repair Stations 8 | . . . . . . . . 6 2 . . . Recycling Units 1 | . . . . . . 1 . . . . . . Scanalyzers 5 | . . . . . . . . 1 4 . . . Garrison Access 7 | . . . . 2 . 2 . 2 . . 1 . Terminal Hacks 26 | . 6 3 . . 2 . 1 7 1 6 . . Open Door 6 | . . . . . 1 . . . . 5 . . Open DSF 2 | . . . . . . . . 2 . . . . Level Access Points 1 | . . . . . . . . 1 . . . . Branch Access Points 1 | . . . . . . . . . . 1 . . Emergency Access Points 2 | . . . . . 1 . 1 . . . . . Alert Level 1 | . . 1 . . . . . . . . . . Unreport Threat 4 | . 2 1 . . . . . . 1 . . . Locate Traps 2 | . 1 . . . . . . 1 . . . . Dispatch Records 1 | . 1 . . . . . . . . . . . Transport Status 1 | . 1 . . . . . . . . . . . Recall Investigation 1 | . . . . . . . . 1 . . . . Hauler Manifests 3 | . 1 1 . . . . . 1 . . . . Zone Layout 1 | . . . . . . . . 1 . . . . Fabricator Hacks . | . . . . . . . . . . . . . Repair Station Hacks 4 | . . . . . . . . 3 1 . . . Scan Component 3 | . . . . . . . . 2 1 . . . Repair 1 | . . . . . . . . 1 . . . . Recycling Unit Hacks 1 | . . . . . . 1 . . . . . . Report Inventory 1 | . . . . . . 1 . . . . . . Scanalyzer 2 | . . . . . . . . . 2 . . . Insert Component 1 | . . . . . . . . . 1 . . . Analyze 1 | . . . . . . . . . 1 . . . Garrison Access Hacks 6 | . . . . 1 . 2 . 2 . . 1 . Unlock Access 3 | . . . . 1 . 1 . . . . 1 . Seal Access 2 | . . . . . . . . 2 . . . . Coupler Status 1 | . . . . . . 1 . . . . . . Unauthorized Hacks 35 | . 2 6 2 . . 7 . 8 4 3 3 . Terminals 35 | . 2 6 2 . . 7 . 8 4 3 3 . Track 14 | . 1 3 1 . . 3 . 4 2 . . . Botnet 21 | . 1 3 1 . . 4 . 4 2 3 3 . Fabricators . | . . . . . . . . . . . . . Repair Stations . | . . . . . . . . . . . . . Recycling Units . | . . . . . . . . . . . . . Scanalyzers . | . . . . . . . . . . . . . Garrison Access . | . . . . . . . . . . . . . Data Cores Recovered 4 | . . . . . . 1 . 2 1 . . . Used 3 | . . . . . . 1 . 2 . . . . Hacking Detections 54 | . 4 3 3 1 3 5 2 10 8 7 8 . Full Trace Events 4 | . . . . . 1 1 . 2 . . . . Feedback Events 1 | . . . . . . . . 1 . . . . Hackware Fried 1 | . . . . . . . . 1 . . . . Feedback Blocked . | . . . . . . . . . . . . . Robot Schematics Acquired . | . . . . . . . . . . . . . Robots Built . | . . . . . . . . . . . . . Authchips . | . . . . . . . . . . . . . Time . | . . . . . . . . . . . . . Total Robot Build Rating . | . . . . . . . . . . . . . Part Schematics Acquired 1 | . . . . . . . . . 1 . . . Parts Built . | . . . . . . . . . . . . . Authchips . | . . . . . . . . . . . . . Time . | . . . . . . . . . . . . . Total Part Build Rating . | . . . . . . . . . . . . . Parts Repaired 1 | . . . . . . . . 1 . . . . Time 22 | . . . . . . . . 22 . . . . Parts Recycled . | . . . . . . . . . . . . . Recycled Matter . | . . . . . . . . . . . . . Retrieved Matter . | . . . . . . . . . . . . . Retrieved Components . | . . . . . . . . . . . . . Parts Scanalyzed 1 | . . . . . . . . . 1 . . . Part Schematics Acquired 1 | . . . . . . . . . 1 . . . Parts Damaged . | . . . . . . . . . . . . . Bothacking | -11 -10 -9 -8 -7 -7 -7 -7 -6 -5 -5 -4 -4 ------------ Run | Jun Mat Mat Mat Fac Gar Fac Gar Fac Fac Ext Fac Gar Used RIF Installer 2 | . . . . . 1 . 1 . . . . . Coupler Efficiency 1 | . . . . . . . 1 . . . . . Robots Hacked 30 | . 1 . . . . 6 3 9 6 5 . . Non-combat 13 | . 1 . . . . 1 . 4 5 2 . . Combat 17 | . . . . . . 5 3 5 1 3 . . Robot Hacks Applied 32 | . 1 . . . . 6 3 10 7 5 . . parse_system 5 | . . . . . . 1 1 2 . 1 . . no_distress 2 | . 1 . . . . 1 . . . . . . find_chute 1 | . . . . . . . . 1 . . . . drop_inventory 6 | . . . . . . . . 2 3 1 . . check_alert 1 | . . . . . . . . . . 1 . . find_terminals 1 | . . . . . . . . . 1 . . . link_fov 1 | . . . . . . . . . 1 . . . scatter_targeting 3 | . . . . . . . . . 1 2 . . overload_power 3 | . . . . . . 1 . 1 1 . . . go_dormant 2 | . . . . . . . . 2 . . . . overwrite_iff 1 | . . . . . . . 1 . . . . . formatsys_high 6 | . . . . . . 3 1 2 . . . . Relay Couplers Released 28 | . . . . . 15 . 11 2 . . . . Machine Destruction 20 | . . . . . 11 . 7 2 . . . . Programmers 8 | . . . . . 4 . 4 . . . . . Attached 8 | . . . . . 2 . 3 3 . . . . Fabnet Peak Effective % . | . . . . . . . . . . . . . Robots Rewired 19 | . . . . . 4 . 4 . . 11 . . Allies Hacked 4 | . . . . . . 2 1 1 . . . . Hacks Repelled . | . . . . . . . . . . . . . Allies | -11 -10 -9 -8 -7 -7 -7 -7 -6 -5 -5 -4 -4 -------- Run | Jun Mat Mat Mat Fac Gar Fac Gar Fac Fac Ext Fac Gar Total Allies 42 | . . . . . 8 3 6 5 . 20 . . Largest Group 10 | . . . . . 7 8 4 5 4 10 . . Highest-Rated Group 291 | . . . . . 270 282 196 157 125 291 . . Highest-Rated Ally 95 | . . . . . 95 95 95 32 32 39 . . Total Orders 4 | . . . . . . . . . . 4 . . STAY 2 | . . . . . . . . . . 2 . . ROAM 1 | . . . . . . . . . . 1 . . FOLLOW 1 | . . . . . . . . . . 1 . . Ally Attacks 276 | . . . . . 10 30 69 54 13 100 . . Total Damage 6332 | . . . . . 116 1012 1646 1287 272 1999 . . Kills 58 | . . . . . 2 11 17 14 1 13 . . Allies Corrupted 2 | . . . . . . 1 1 . . . . . Allies Melted 1 | . . . . . . . 1 . . . . . Intel | -11 -10 -9 -8 -7 -7 -7 -7 -6 -5 -5 -4 -4 ------- Run | Jun Mat Mat Mat Fac Gar Fac Gar Fac Fac Ext Fac Gar Robot Analysis Total . | . . . . . . . . . . . . . Derelict Logs Recovered . | . . . . . . . . . . . . . Drone Launches . | . . . . . . . . . . . . . Drone Recoveries . | . . . . . . . . . . . . . Exploration | -11 -10 -9 -8 -7 -7 -7 -7 -6 -5 -5 -4 -4 ------------- Run | Jun Mat Mat Mat Fac Gar Fac Gar Fac Fac Ext Fac Gar Turns Passed 6279 | 48 732 696 1283 51 455 356 361 754 493 583 385 82 Spaces Moved 8713 | 36 541 403 547 156 904 763 468 1514 1540 994 684 163 Core 7 | 1 . . . . . . . . . . 4 2 Treads 474 | . . 24 450 . . . . . . . . . Legs . | . . . . . . . . . . . . . Wheels 1007 | 35 541 379 31 . . . . . . . 13 8 Hover . | . . . . . . . . . . . . . Flight 7225 | . . . 66 156 904 763 468 1514 1540 994 667 153 Fastest Speed 23 | 50 90 86 26 26 26 26 26 26 27 26 23 35 Average Speed 43 | 98 106 104 136 26 33 26 26 26 27 27 30 40 Slowest Speed 240 | 100 115 240 240 26 96 26 96 96 103 28 101 90 Overloaded Moves . | . . . . . . . . . . . . . Propulsion Burnouts . | . . . . . . . . . . . . . Robots Hopped 59 | . . . . 1 3 8 . 10 17 13 5 2 Cave-ins Triggered . | . . . . . . . . . . . . . Exploration Rate (%) 40 | 3 83 45 39 6 96 14 52 36 23 84 19 27 Regions Visited 12 Branch Regions 1 Pre-discovered Areas . | . . . . . . . . . . . . . Known Exits Taken 6 | . . . . 1 . 1 . 1 1 1 1 . Unknown Exits Taken 4 | 1 1 1 1 . . . . . . . . . Scrap Searched . | . . . . . . . . . . . . . Spaces Dug 28 | . . . 6 . . . . 13 9 . . . Terrain Destroyed 109 | . . . 15 . 66 . 1 14 9 4 . . Melee 23 | . . . 6 . . . . 13 4 . . . Projectile 12 | . . . 2 . . . 1 1 4 4 . . AOE 73 | . . . 7 . 66 . . . . . . . Terrain Rammed . | . . . . . . . . . . . . . Walls Destroyed . | . . . . . . . . . . . . . Machines Disabled . | . . . . . . . . . . . . . Actions | -11 -10 -9 -8 -7 -7 -7 -7 -6 -5 -5 -4 -4 --------- Run | Jun Mat Mat Mat Fac Gar Fac Gar Fac Fac Ext Fac Gar Total 10487 | 45 614 598 860 167 1032 908 685 1798 1573 1246 791 170 Wait 836 | . 9 100 108 . 78 133 62 155 13 159 19 . Move 8587 | 35 540 402 546 153 896 749 466 1493 1505 970 673 159 Hop 53 | . . . . 1 3 5 . 10 17 10 5 2 Pick Up 81 | 4 10 10 19 2 6 2 6 6 . 6 10 . Fast Attach 83 | 6 5 14 12 3 11 . 1 7 3 2 18 1 Attach 96 | . . 4 18 . 8 2 19 15 4 15 10 1 Detach 69 | . 2 1 5 3 6 2 18 14 4 8 5 1 Swap 30 | . 2 4 6 . 1 . . 8 3 5 1 . Drop 71 | . 1 14 18 5 6 2 3 10 2 1 9 . Fire 360 | . 43 48 118 . 2 12 30 36 18 34 13 6 Melee 111 | . 2 . 10 . 15 . 8 26 4 18 28 . Ram 1 | . . 1 . . . . . . . . . . Kick . | . . . . . . . . . . . . . Crush . | . . . . . . . . . . . . . Escape Stasis 108 | . . . . . . . 72 18 . 18 . . Rewire 1 | . . . . . . 1 . . . . . . Trap . | . . . . . . . . . . . . . Miscellaneous . | . . . . . . . . . . . . . Route ------- -11/Junkyard -10/Materials (discovered 4 exits: *Mat x3 / [*Min]) -9/Materials (discovered 2 exits: *Mat / [*Min]) -8/Materials -7/Factory -7/Garrison (discovered 3 exits: *Fac x3) -7/Factory -7/Garrison -6/Factory (discovered 5 exits: *Fac x4 / [*Low]) -5/Factory -5/Extension (discovered 2 exits: *Fac / *Cet) -4/Factory -4/Garrison History --------- Turn | Location | Event 12 | -11/Junkyard | Discovered new exit (range 15) 49 | -11/Junkyard | Entered Materials 257 | -10/Materials | Discovered new exit (range 15) 302 | -10/Materials | Build established: Mutant 394 | -10/Materials | Discovered new exit (range 10) 509 | -10/Materials | Discovered new exit (range 9) 551 | -10/Materials | Core integrity fell below 50% 688 | -10/Materials | Discovered new exit (range 16) 781 | -10/Materials | Entered another Materials area 781 | -9/Materials | Evolved 2 slots: Propulsion x1, Utility x1 1084 | -9/Materials | Core integrity fell below 50% 1114 | -9/Materials | Lost 6 parts (1p3n1u1w) 1159 | -9/Materials | Discovered new exit (range 13) 1214 | -9/Materials | Destroyed 7 combat bots 1416 | -9/Materials | Discovered new exit (range 15) 1477 | -9/Materials | Entered another Materials area 1477 | -8/Materials | Evolved 2 slots: Propulsion x1, Utility x1 1608 | -8/Materials | Lost 6 parts (4n1u1w) 2121 | -8/Materials | Build established: Scavenger-Mutant 2239 | -8/Materials | Lost 3 parts (2n1u) 2713 | -8/Materials | Core integrity fell below 50% 2748 | -8/Materials | Lost 9 parts (3n3u3w) 2751 | -8/Materials | Discovered new exit (range 16) 2760 | -8/Materials | Entered Factory 2760 | -7/Factory | Evolved 2 slots: Utility x1, Weapon x1 2809 | -7/Factory | Identified exit to Garrison 2811 | -7/Factory | Entered Garrison 2811 | -7/Garrison | Discovered recently destroyed garrison 2850 | -7/Garrison | Rescued a captive Derelict 2851 | -7/Garrison | Rescued a captive Derelict 2930 | -7/Garrison | Discovered new exit (range 9) 2937 | -7/Garrison | Garrison Relay disabled 3080 | -7/Garrison | Discovered new exit (range 14) 3096 | -7/Garrison | Installed Relay Interface Framework 3101 | -7/Garrison | Phase Generator disabled 3131 | -7/Garrison | Garrison Relay disabled 3132 | -7/Garrison | Lost 3 parts (1p1n1u) 3174 | -7/Garrison | Discovered new exit (range 9) 3177 | -7/Garrison | Found embedded Infiltrators 3188 | -7/Garrison | Garrison Relay disabled 3266 | -7/Garrison | Entered Factory 3266 | -7/Factory | Accompanied by 7 allies 3525 | -7/Factory | Garrison activated, responded to threat 3557 | -7/Factory | Identified exit to Garrison 3622 | -7/Factory | Entered Garrison 3622 | -7/Garrison | Accompanied by 4 allies 3648 | -7/Garrison | Triggered checkpoint 3663 | -7/Garrison | Build established: Sprinter 3668 | -7/Garrison | Garrison Relay disabled 3732 | -7/Garrison | Triggered checkpoint 3742 | -7/Garrison | Triggered checkpoint 3744 | -7/Garrison | Triggered checkpoint 3755 | -7/Garrison | Triggered checkpoint 3885 | -7/Garrison | Discovered new exit (range 11) 3888 | -7/Garrison | Triggered checkpoint 3901 | -7/Garrison | Expanded RIF knowledge: Coupler Efficiency 3918 | -7/Garrison | Triggered checkpoint 3937 | -7/Garrison | Garrison Relay disabled 3980 | -7/Garrison | Triggered checkpoint 3983 | -7/Garrison | Entered Factory 3983 | -6/Factory | Evolved 2 slots: Utility x2 3987 | -6/Factory | Build established: Bothacker-Sprinter 4316 | -6/Factory | Identified exit to Factory 4442 | -6/Factory | Repaired Great Axe 4587 | -6/Factory | Discovered new exit (range 16) 4676 | -6/Factory | Imp. Hacking Suite fried by hacking feedback 4737 | -6/Factory | Entered another Factory area 4737 | -5/Factory | Accompanied by 4 allies 4737 | -5/Factory | Evolved 2 slots: Utility x2 5178 | -5/Factory | Discovered new exit (range 15) 5210 | -5/Factory | Identified exit to Extension 5230 | -5/Factory | Entered Extension 5242 | -5/Extension | Rescued a captive Derelict 5242 | -5/Extension | Rescued a captive Derelict 5418 | -5/Extension | Rescued a captive Derelict 5419 | -5/Extension | Rescued a captive Derelict 5459 | -5/Extension | Rescued a captive Derelict 5461 | -5/Extension | Rescued a captive Derelict 5467 | -5/Extension | Spotted B-75 Beast 5528 | -5/Extension | Spotted B-75 Beast 5558 | -5/Extension | P-70 Sage assimilated allied LC-OO5(g) 5635 | -5/Extension | Lost 3 parts (1n2w) 5679 | -5/Extension | Identified exit to Cetus 5738 | -5/Extension | Rescued a captive Derelict 5767 | -5/Extension | Core integrity fell below 50% 5782 | -5/Extension | Rescued a captive Derelict 5782 | -5/Extension | Rescued a captive Derelict 5787 | -5/Extension | Lost 5 parts (1p3u1w) 5791 | -5/Extension | Discovered new exit (range 10) 5798 | -5/Extension | Identified exit to Factory 5813 | -5/Extension | Entered Factory 5813 | -4/Factory | Evolved 2 slots: Propulsion x1, Utility x1 6012 | -4/Factory | Lost 7 parts (4n1u2w) 6063 | -4/Factory | First assault squad dispatched 6153 | -4/Factory | Core integrity fell below 50% 6170 | -4/Factory | Lost 8 parts (5n2u1w) 6198 | -4/Factory | Identified exit to Garrison 6198 | -4/Factory | Entered Garrison 6212 | -4/Garrison | Spotted B-86 Titan 6218 | -4/Garrison | Triggered checkpoint 6261 | -4/Garrison | Lost 3 parts (1n1u1w) 6269 | -4/Garrison | Core integrity fell below 20% 6278 | -4/Garrison | Triggered checkpoint 6278 | -4/Garrison | Triggered checkpoint 6280 | -4/Garrison | Destroyed by G-67 Veteran with Plasma Rifle Last Messages --------------- 06218_ Beams of light sweep through the air. An alarm sounds. 06219_ Adv. Reaction Control System destroyed. 06225_ Imp. VTOL Module destroyed. 06225_ S-27 Virus destroyed. 06230_ Tesla Rifle destroyed. 06233_ Acquired 15 matter. 06237_ S-27 Virus misfires. 06241_ Penetrated by Slug. 06261_ VTOL Module destroyed. 06264_ Knocked back. 06264_ Penetrated by Slug. 06264_ S-27 Virus destroyed. 06268_ Centrium Wheel destroyed. 06268_ Penetrated by Slug. 06268_ Acquired VTOL Module. 06271_ Slug penetrates Wall. 06272_ Acquired 1 matter. 06276_ B-86 Titan exits siege mode. 06278_ Beams of light sweep through the air. An alarm sounds. 06279_ VTOL Module destroyed. Map ----- +----------------------------------------------------+ | ???????????????????????????????####### #??????? | | ???????????????????????????????# =% #??????? | | ???????????????????????????????# #####= #??????? | | ????????????????????????????????????#### ###????? | | ?????????????????????????????########"## #"###### | | ?????????????????????????????# | | ?????????????????????????????# * | | ?????????????????????????????# [% % | | ?????????????????????????????# #"#####""######## | | ?????????????????????????????# ###???# #??????? | | ?????????????????????????????# #?????# #??????? | | ?????????????????????????????# ####### #??????? | | ???????????????????#?????????# # #??????? | | ???????????????????# ????????# ####### #??????? | | ???????????????????# ???????# #?????# #??????? | | ??????????????######++##""""## #?????# #??????? | | ?????????????? g ss ####### #??????? | | ?????????????? # #??????? | | ?????????????? g # #??????? | | ???????????????#### b ## ;# ##########??????? | | ????????????????### g## ;# ###?????????????? | | ????????????????# s#?????????????? | | ????????????????# s #?????????????? | | ????????????????# s#?????????????? | | ????????????????# #?????????????? | | ????????????????### ## @ ## ###?????????????? | | ??????????????????# ?# ## #???????????????? | | ?????????????????? ? ??????????????? | | ????????????????????? ????????????? | | ???????????????????? ??????????? | | ???????????????????# ##""""############?????????? | | ???????????????????# ???????????????????????????? | | ???????????????????# ????????????????????????????? | | ???????????????????#?????????????????????????????? | | ?????????????????????????????????????????????????? | | ?????????????????????????????????????????????????? | | ?????????????????????????????????????????????????? | | ?????????????????????????????????????????????????? | | ?????????????????????????????????????????????????? | | ?????????????????????????????????????????????????? | | ?????????????????????????????????????????????????? | | ?????????????????????????????????????????????????? | | ?????????????????????????????????????????????????? | | ?????????????????????????????????????????????????? | | ?????????????????????????????????????????????????? | | ?????????????????????????????????????????????????? | | ?????????????????????????????????????????????????? | | ?????????????????????????????????????????????????? | | ?????????????????????????????????????????????????? | | ?????????????????????????????????????????????????? | +----------------------------------------------------+ Best States ------------- Heat Dissipation 45 Energy Generation 18 Energy Capacity 280 Matter Stores 300 Matter Capacity 300 Sight Range 18 Terrain Scan Density 10 Armor Coverage 300 Resistance: KI 20 Phase Shifting 10 Evasion (%) 86 Targeting Accuracy 5 Armor Integrity Analysis 40 Recoil Reduction 4 Offensive Hacking 24 Relay Coupler Types 4 Relay Coupler Value 119 Item Schematics ----------------- Impulse Thruster | -5/Factory | Scanalyzed Robot Schematics ------------------ None Fabricated ------------ Nothing Alien Tech Used ----------------- None Achievements -------------- Deadly Force Dodgeball, But With Guns Challenges ------------ None Game ------ Seed AntimatterPointBoosters Manual? 0 Play Time 02:57:34 Cumulative 85.6 hours Start 2023.03.11 @ 00:13:12 End 2023.03.11 @ 20:09:20 Sessions 8 Manual Loads 0 Difficulty Rogue Special Mode None Game No. 47 Rogue 47 Adventurer 0 Explorer 0 Win Type - Total 0 Types 0/0/0/0/0/0/0/0/0 Lore% 37 Gallery% 49 Achievement% 40 Wizard Run 0 Options --------- ASCII 0 Keyboard 1 Movement Vi Keybinds 0 Fullscreen 1 Font 12/Smallcaps Map View 83x54 Tactical HUD 1 Map Filters NONE Filters NONE Steam 1 RUN: 00071b76-c576-40b2-bd21-d4a8abd75174